 Dungeon Crawl Stone Soup version 0.22-a0-772-gac08f70 (webtiles) character file.

440 sking99 the Cudgeler (level 6, 0/49 HPs)
             Began as a Demonspawn Gladiator on July 17, 2018.
             Was a Follower of Yredelemnul.
             Killed from afar by an orc wizard (7 damage)
             ... with a puff of flame
             ... on level 4 of the Dungeon.
             The game lasted 00:05:25 (4074 turns).

sking99 the Cudgeler (Demonspawn Gladiator)         Turns: 4074, Time: 00:05:26

Health: 0/49       AC: 10    Str: 17    XL:     6   Next: 70%
Magic:  6/6        EV:  7    Int:  9    God:    Yredelemnul [*.....]
Gold:   119        SH:  4    Dex: 14    Spells: 5/5 levels left

rFire    . . .     SeeInvis .   a - +0 flail
rCold    . . .     Gourm    .   (no shield)
rNeg     . . .     Faith    .   h - +0 chain mail
rPois    .         Spirit   .   c - +0 helmet
rElec    .         Reflect  .   (no cloak)
rCorr    .         Harm     .   n - +0 pair of gloves
MR       .....                  (no boots)
Stlth    ..........             q - amulet of magic regeneration
HPRegen  0.16/turn              (no ring)
MPRegen  0.35/turn              (no ring)

@: no status effects
A: talons 2, large bone plates 1
a: Animate Remains, Renounce Religion


You were on level 4 of the Dungeon.
You worshipped Yredelemnul.
Yredelemnul was aware of your devotion.
You were not hungry.

You visited 1 branch of the dungeon, and saw 4 of its levels.

You collected 119 gold pieces.

Inventory:

Hand Weapons
 a - a +0 flail (weapon)
Missiles
 d - 3 throwing nets (quivered)
Armour
 b - a +0 leather armour
 c - a +0 helmet (worn)
 h - a +0 chain mail (worn)
 n - a +0 pair of gloves (worn)
Jewellery
 q - an amulet of magic regeneration (around neck)
Scrolls
 e - 2 scrolls of identify {unknown}
 g - a scroll of amnesia
 i - a scroll of fear {unknown}
 j - 4 scrolls of remove curse
 r - a scroll of noise {unknown}
 u - a scroll of blinking {unknown}
 v - a scroll of fog {unknown}
 x - a scroll of teleportation {unknown}
Potions
 k - a potion of cancellation {unknown}
 l - 2 potions of heal wounds
 m - a potion of agility
 o - a potion of haste
 p - a potion of brilliance {unknown}
 s - a potion of degeneration {unknown}
 t - a potion of curing
Comestibles
 f - 6 rations


   Skills:
 + Level 4.3 Fighting
 * Level 5.9 Maces & Flails
 - Level 1.7 Throwing
 - Level 2.6 Dodging


You had 5 spell levels left.
You didn't know any spells.
Your spell library was empty.

Dungeon Overview and Level Annotations

Branches:
Dungeon (4/15)
 Temple: D:4-7

Altars:
Dithmenos
Yredelemnul


Innate Abilities, Weirdness & Mutations

You have razor-sharp toenails.
You are partially covered in large bone plates. (SH +4)


Message History

The orc hits you but does no damage. Something hits you.
* * * LOW HITPOINT WARNING * * *
You hit something but do no damage. The orc barely misses you.
Something hits you but does no damage.
You miss something. Your kick misses something.
The orc hits you but does no damage.
You hear some strange, mumbled words.
A magic dart appears from out of thin air!
The magic dart hits you!
* * * LOW HITPOINT WARNING * * *
You miss something. The orc hits you but does no damage.
You hear some strange, mumbled words.
A magic dart appears from out of thin air!
The magic dart hits you!
You closely miss something. You block the orc's attack.
You hear some strange, mumbled words.
A puff of flame appears from out of thin air!
The puff of flame hits you!
You die...
Your body rises from the dead as a mindless zombie.

.## #...# .##
##..## ..#
#...#
########..
..## ##..##
##.........
#..## #...#
##.......o..
##..## #..##
##.....####..
#...# #..#
##...####
##..##
#.)####...##
##..##
#..@#....##
##..##
##o{).†.##
##..##
##..#### #
##..## #### #
##..## # ##
##..### # .##
##...## ####
## ).#
##...###
##..# #. ..##
##....##
##...# #.


You could see an orc.

Vanquished Creatures
  2 howler monkeys (D:4)
  A hound (D:3)
  An orc priest (D:3)
  4 orc wizards (D:4)
  2 worker ants
  Robin (D:4)
  2 adders
  4 worms
  A dart slug (D:2)
  A leopard gecko (D:3)
  13 orcs
  7 bats
  2 giant cockroaches
  12 goblins
  13 hobgoblins
  3 jackals (D:1)
  2 quokkas
  2 ball pythons
  4 frilled lizards
  10 kobolds
  9 rats
  A spectral orc (D:3)
97 creatures vanquished.

Notes
Turn   | Place    | Note
-------+----------+-------------------------------------------
     0 | D:1      | sking99 the Demonspawn Gladiator began the quest for the Orb.
     0 | D:1      | Reached XP level 1. HP: 16/16 MP: 1/1
   104 | D:1      | Reached skill level 3 in Maces & Flails
   380 | D:1      | Gained mutation: You have sharp toenails. [demonic ancestry]
   380 | D:1      | Reached XP level 2. HP: 19/22 MP: 2/2
   965 | D:1      | You fall through a shaft!
   971 | D:2      | Reached XP level 3. HP: 9/28 MP: 3/3
  1499 | D:2      | Reached skill level 4 in Maces & Flails
  1499 | D:2      | Reached XP level 4. HP: 11/35 MP: 4/4
  1939 | D:3      | Found a shadowy altar of Dithmenos.
  2003 | D:3      | HP: 1/35 [orc (2)]
  2129 | D:3      | Gained mutation: You are partially covered in large bone plates. (SH +4) [demonic ancestry]
  2129 | D:3      | Reached XP level 5. HP: 40/41 MP: 5/5
  2597 | D:3      | Found a basalt altar of Yredelemnul.
  2749 | D:3      | Became a worshipper of Yredelemnul the Dark
  2959 | D:3      | Reached skill level 5 in Maces & Flails
  3440 | D:4      | Noticed Robin
  3479 | D:4      | Killed Robin
  3480 | D:4      | Gained mutation: You have razor-sharp toenails. [demonic ancestry]
  3480 | D:4      | Reached XP level 6. HP: 33/48 MP: 6/6
  3639 | D:4      | Reached * piety under Yredelemnul
  4074 | D:4      | Killed from afar by an orc wizard

Vault maps used:
D:1:      lightli_arrival_windingriver
D:3:      yredelemnul_forgotten_temple_becter,
          nicolae_dithmenos_through_a_glass_darkly, first_ration,
          kennysheep_cross_bottleneck
D:4:      uniq_robin

Skill      XL: |  1  2  3  4  5  6 |
---------------+-------------------+-----
Maces & Flails | 3 4 5 |  5.9
Fighting       | 3 4 |  4.3
Throwing       | |  1.7
Dodging        | |  2.6

Action                   |  1- 3 |  4- 6 || total
-------------------------+-------+-------++-------
Melee: Flail             |   112 |   211 ||   323
       Kick              |    24 |    54 ||    78
Throw: Throwing net      |       |     2 ||     2
  Use: Potion            |     4 |     3 ||     7
       Scroll            |       |     2 ||     2
 Stab: Sleeping          |     1 |     2 ||     3
       Held in net/web   |       |     1 ||     1
  Eat: Chunk             |     2 |     8 ||    10
Armor: Leather armour    |    28 |    41 ||    69
       Chain mail        |       |   115 ||   115
Dodge: Dodged            |    81 |   139 ||   220
Block: Other             |       |    37 ||    37

Table legend:
 A = Spawn XP
 B = Non-spawn XP
 C = Spawn XP percentage of total XP
 D = Spawn monster count
 E = Non-spawn monster count
 F = Spawn count percentage of total count
 G = Total turns spent on level
                    A         B        C        D         E        F      G
               +---------+---------+-------+---------+---------+-------+---------
         Total |       0 |     629 |   0.0 |       0 |      97 |   0.0 |  4074
               +---------+---------+-------+---------+---------+-------+---------
           D:1 |       0 |      40 |   0.0 |       0 |      25 |   0.0 |   965
           D:2 |       0 |      85 |   0.0 |       0 |      21 |   0.0 |   958
           D:3 |       0 |     133 |   0.0 |       0 |      23 |   0.0 |  1080
           D:4 |       0 |     371 |   0.0 |       0 |      28 |   0.0 |  1071
               +---------+---------+-------+---------+---------+-------+---------
